 Dungeon Crawl Stone Soup version bcrawl-1.19.2-6-g6a88ae04c9 (webtiles) character file.

Game seed: 12912684236160891705

367 MisterOstroum the Ducker (level 6, -3/41 HPs)
             Began as a Fairy Transmuter on Jan 13, 2020.
             Was an Initiate of Elyvilon.
             Killed by nerve-wracking pain
             ... invoked by a shadow imp
              (14 damage)
             ... on level 5 of the Dungeon.
             The game lasted 00:15:14 (4288 turns).

MisterOstroum the Ducker (Fairy Transmuter)         Turns: 4288, Time: 00:15:15

Health: -3/41      AC:  2    Str:  8    XL:     6   Next: 69%
Magic:  12/12      EV: 24    Int: 18    God:    Elyvilon [......]
Gold:   235        SH:  5    Dex: 18    Spells: 0/10 levels left

rFire    . . .     SeeInvis .     - Unarmed
rCold    . . .     Gourm    .   (shield currently unavailable)
rNeg     . . .     Faith    .   (armour unavailable)
rPois    x         Spirit   .   (helmet currently unavailable)
rElec    .         Reflect  .   (cloak currently unavailable)
rCorr    +         Harm     .   (gloves currently unavailable)
MR       .....                  (boots currently unavailable)
Stlth    +.........             (no amulet)
HPRegen  0.13/turn              l - ring of resist corrosion
MPRegen  0.13/turn              (no ring)

@: spider-form (expiring), flying evasively
A: tiny, magic attunement, unstealthy, unfitting armour, AC/SH +5
a: End Transformation, Renounce Religion


You were on level 5 of the Dungeon.
You worshipped Elyvilon.
Elyvilon was noncommittal.
You were near starving.
You were a venomous arachnid creature.
You visited 1 branch of the dungeon, and saw 5 of its levels.

You collected 235 gold pieces.

Inventory:

Hand Weapons
 f - a +0 dagger
 s - a +0 hunting sling
Missiles
 a - 50 arrows
 t - 71 stones (quivered)
Jewellery
 l - a ring of resist corrosion (left front leg)
Scrolls
 b - a scroll of fear {unknown}
 d - a scroll of enchant weapon {unknown}
 g - a scroll of magic mapping {unknown}
 m - 3 scrolls of remove curse {unknown}
 n - 2 scrolls of amnesia {unknown}
 p - 3 scrolls of identify {unknown}
 q - a scroll of noise {unknown}
 u - a scroll of teleportation {unknown}
Potions
 c - a potion of lignification {@q6}
 h - a potion of cancellation {unknown}
 i - 2 potions of invisibility {unknown}
 j - a potion of degeneration {unknown}
 k - a potion of experience {unknown}
 o - a potion of ambrosia {unknown}
 v - a potion of agility {unknown}
Comestibles
 e - 7 rations {!d}


   Skills:
 + Level 2.6 Fighting
 + Level 3.9 Dodging
 + Level 3.7 Unarmed Combat
 - Level 2.6 Spellcasting
 * Level 3.8 Transmutations
 - Level 3.5 Poison Magic


You couldn't memorise any spells.
You knew the following spells:

 Your Spells              Type           Power        Failure   Level  Hunger
a - Beastly Appendage     Tmut           ###...       12%         1    None
b - Sticks to Snakes      Tmut           ###.....     16%         2    None
c - Spider Form           Tmut/Pois      ###          26%         3    None
d - Ice Form              Ice/Tmut       #.......     78%         4    None

Your spell library contained the following spells:

 Spells                   Type           Power        Failure   Level  Hunger
 Blade Hands              Tmut           ###.......   85%         5    None


Dungeon Overview and Level Annotations

Branches:
Dungeon (5/12)
 Temple: D:4-7

Altars:
Elyvilon

Annotations:
D:4 3 runed translucent doors, Banto's ghost, novice OpTm


Innate Abilities, Weirdness & Mutations

Your spells do not cause hunger and MP costs are reduced by 1.
Your bright wings attract enemies. (Stealth-)
You cannot fit into any form of body armour.
((Your shimmering scales are hard and can block incoming attacks. (AC +5, SH +5)))
You are small and have problems with some larger weapons.
((You can fly continuously.))


Message History

The centaur skeleton completely misses you.
Your ball python bites the centaur skeleton.
Your adder bites the centaur skeleton.
The centaur skeleton hits your ball python.
You hit the centaur skeleton.
The centaur skeleton is severely damaged.
Your ball python bites the centaur skeleton.
Your adder bites the centaur skeleton.
The centaur skeleton is destroyed!
Your adder looks stronger.
This spell is very dangerous to cast!
Memorise Ice Form, consuming 4 spell levels and leaving 0?
You start memorising the spell.
You continue memorising. x4
You finish memorising.
Spell assigned to 'd'.
A gnoll comes into view. It is wielding a -3 club.
The gnoll shouts!
You hear a shout!
You hit the gnoll.
The gnoll is poisoned.
The gnoll is lightly wounded.
The gnoll hits you with a cursed -3 club.
You are near starving!
You hit the gnoll.
The gnoll looks more poisoned.
The gnoll is heavily wounded.
The gnoll misses you.
You bite the gnoll!
You kill the gnoll!
A crimson imp comes into view.
You see here a cursed -3 club.
The crimson imp misses you.
An adder zombie comes into view.
The crimson imp blinks!
The crimson imp blinks!
You are too injured to fight recklessly!
Your adder withers and dies!
You hit the crimson imp.
The crimson imp is poisoned.
The crimson imp is heavily wounded.
The crimson imp completely misses you.
Your ball python bites the crimson imp.
Your ball python closely misses the crimson imp.
The adder zombie closely misses your ball python.
You hit the crimson imp.
The crimson imp is almost dead.
You kill the crimson imp!
Your ball python bites the adder zombie.
Your ball python grabs the adder zombie.
Your ball python constricts the adder zombie.
The adder zombie misses your ball python.
You swap places.
Your ball python loses its grip on the adder zombie.
The adder zombie misses you.
Your ball python completely misses the adder zombie.
Your ball python grabs the adder zombie.
Your ball python constricts the adder zombie.
You hit the adder zombie.
The adder zombie is moderately damaged.
Your ball python loses its grip on the adder zombie.
Your ball python withers and dies!
The adder zombie misses you.
You hit the adder zombie but do no damage.
The adder zombie is moderately damaged.
The adder zombie misses you.
You completely miss the adder zombie.
The adder zombie is moderately damaged.
The adder zombie bites you.
You hit the adder zombie.
The adder zombie is moderately damaged.
You block the adder zombie's attack.
You bite the adder zombie!
The adder zombie is severely damaged.
The adder zombie misses you. The adder zombie completely misses you.
You hit the adder zombie.
The adder zombie is severely damaged.
The adder zombie bites you.
You hit the adder zombie.
You destroy the adder zombie!
A shadow imp comes into view.
The shadow imp shouts!
You hear a distant blaring wail to the east.
There is a stone staircase leading down here.
You block the shadow imp's attack.
You see here a cursed -3 club.
You hit the shadow imp.
The shadow imp is moderately wounded.
The shadow imp misses you.
You hit the shadow imp.
The shadow imp is almost dead.
The shadow imp gestures at you.
You struggle to resist.
You closely miss the shadow imp.
The shadow imp is almost dead.
The shadow imp misses you.
You hit the shadow imp but do no damage.
The shadow imp is almost dead.
The shadow imp gestures at you. Pain shoots through your body!
* * * LOW HITPOINT WARNING * * *
You hit the shadow imp but do no damage.
The shadow imp is poisoned.
The shadow imp is almost dead.
The shadow imp gestures at you. Pain shoots through your body!
You die...

######
#....####
###...#...# ##
#.........#..#
#.......#..#
#.......5##.#
###.>.#s## #..
#....## ..#
##.#.# .#
#.#####.#$# .
........#.# #.
#............#
####.####.####
#. #.# # ...


You could see a shadow imp.

Vanquished Creatures
  A sky beast (D:5)
  A howler monkey (D:4)
  A crimson imp (D:5)
  An orc wizard (D:3)
  5 gnolls
  3 adders (D:4)
  An adder zombie (D:5)
  2 worms (D:3)
  2 dart slugs (D:2)
  2 leopard geckos (D:1)
  9 orcs (D:3)
  8 giant cockroaches
  5 goblins
  7 hobgoblins
  A quokka (D:2)
  3 bats
  3 frilled lizards
  A jackal skeleton (D:4)
  8 kobolds
  5 rats
69 creatures vanquished.

Vanquished Creatures (collateral kills)
  A centaur skeleton (D:5)
  A rat (D:2)
2 creatures vanquished.

Grand Total: 71 creatures vanquished

Notes
Turn   | Place    | Note
-------+----------+-------------------------------------------
     0 | D:1      | MisterOstroum the Fairy Transmuter began the quest for the
                  | Orb.
     0 | D:1      | Reached XP level 1. HP: 12/12 MP: 6/6
   116 | D:1      | Reached skill level 1 in Fighting
   403 | D:1      | Reached XP level 2. HP: 8/18 MP: 7/7
   407 | D:1      | Learned a level 2 spell: Sticks to Snakes
  1516 | D:2      | Reached XP level 3. HP: 22/23 MP: 7/9
  1524 | D:2      | Learned a level 3 spell: Spider Form
  2397 | D:3      | Reached skill level 1 in Poison Magic
  2401 | D:3      | Reached XP level 4. HP: 28/29 MP: 5/10
  2662 | D:3      | Reached XP level 5. HP: 34/34 MP: 8/11
  3573 | D:4      | Found a white marble altar of Elyvilon.
  3576 | D:4      | Became a worshipper of Elyvilon the Healer
  3609 | D:4      | Found a runed translucent gate.
  3610 | D:4      | Found a runed translucent gate.
  3611 | D:4      | Found a runed translucent gate.
  3613 | D:4      | Noticed Banto's ghost (novice OpTm)
  3615 | D:4      | Noticed a bullfrog
  4220 | D:5      | Entered Level 5 of the Dungeon
  4223 | D:5      | Noticed a sky beast
  4239 | D:5      | Killed a sky beast
  4239 | D:5      | Reached XP level 6. HP: 25/41 MP: 9/12
  4253 | D:5      | Learned a level 4 spell: Ice Form
  4288 | D:5      | Killed from afar by a shadow imp

Skill      XL: |  1  2  3  4  5 |
---------------+----------------+-----
Fighting       | 1 2 |  2.6
Unarmed Combat | 3 |  3.7
Transmutations | 3 |  3.8
Poison Magic   | 1 2 3 |  3.5
Dodging        | 3 |  3.9
Spellcasting   | |  2.6

Action                   |  1- 3 |  4- 6 || total
-------------------------+-------+-------++-------
Melee: Dagger            |    36 |       ||    36
       Unarmed           |    92 |   130 ||   222
       Kick              |     4 |       ||     4
       Headbutt          |     4 |     1 ||     5
       Punch             |     1 |       ||     1
 Cast: Beastly Appendage |    18 |     1 ||    19
       Sticks to Snakes  |     3 |     4 ||     7
       Spider Form       |    10 |    15 ||    25
  Eat: Chunk             |     5 |     4 ||     9
Armor: Skin              |    18 |     4 ||    22
Dodge: Dodged            |    90 |    90 ||   180
Block: Other             |    12 |    18 ||    30
